 Dungeon Crawl Stone Soup version 0.26-a0-757-g626ac9e51a (webtiles) character file.

Game seed: 10847638271834893138

6454 mhtbhm the Basher (level 10, -2/63 HPs)
             Began as a Gargoyle Berserker on Nov 7, 2020.
             Was an Elder of Trog.
             Slain by a spriggan
             ... wielding a +0 short sword
              (4 damage)
             ... on level 1 of the Lair of Beasts.
             The game lasted 00:15:09 (8499 turns).

mhtbhm the Basher (Gargoyle Berserker)              Turns: 8499, Time: 00:15:10

Health: -2/63      AC: 18    Str: 25    XL:     10   Next: 99%
Magic:  10/10      EV: 16    Int:  7    God:    Trog [****..]
Gold:   621        SH: 11    Dex:  9    Spells: 9/9 levels left

rFire    + + +     SeeInvis .   a - +1 whip (flame)
rCold    + . .     Faith    .   o - +0 kite shield
rNeg     + . .     Spirit   .   b - +2 ring mail {rF+}
rPois    ∞         Reflect  .   m - +0 helmet
rElec    +         Harm     .   D - scarf {rC+ rF+}
rCorr    .         Rampage  .   x - +0 pair of gloves
MR       .....                  (no boots)
Stlth    +.........             (no amulet)
HPRegen  0.20/turn              v - ring of protection from fire
MPRegen  0.12/turn              y - +4 ring of evasion

@: berserk cooldown
A: negative energy resistance 1, electricity resistance, unbreathing,
petrification resistance, rot immunity, AC +7
a: Berserk, Trog's Hand, Brothers in Arms, Renounce Religion


You were on level 1 of the Lair of Beasts.
You worshipped Trog.
Trog was greatly pleased with you.
You visited 2 branches of the dungeon, and saw 10 of its levels.

You collected 621 gold pieces.

Inventory:

Hand Weapons
 a - a +1 whip of flaming (weapon)
 q - a +0 mace of protection
 H - a +4 broad axe
Armour
 b - a +2 ring mail of fire resistance (worn)
 m - a +0 helmet (worn)
 o - a +0 kite shield (worn)
 x - a +0 pair of gloves (worn)
 D - a scarf of resistance (worn)
Jewellery
 v - a ring of protection from fire (left hand)
 y - a +4 ring of evasion (right hand)
 F - an uncursed ring of resist corrosion
Wands
 s - a wand of iceblast (13)
 B - a wand of polymorph (5)
Scrolls
 c - 4 scrolls of teleportation
 e - a scroll of fear
 h - 4 scrolls of remove curse
 j - 3 scrolls of identify
 k - a scroll of acquirement {unknown}
 l - 2 scrolls of enchant weapon
 p - 5 scrolls of blinking
 r - 2 scrolls of fog {unknown}
 z - 2 scrolls of enchant armour {unknown}
Potions
 d - 2 potions of mutation
 f - 2 potions of lignification
 g - a potion of curing
 i - a potion of flight
 n - 2 potions of degeneration {unknown}
 t - a potion of ambrosia {unknown}
 u - 2 potions of might {unknown}
 w - 2 potions of resistance
 A - a potion of berserk rage {unknown}
 C - a potion of heal wounds {unknown}
 E - a potion of invisibility {unknown}
 G - 2 potions of brilliance {unknown}


   Skills:
 + Level 7.2 Fighting
 + Level 10.2 Maces & Flails
 + Level 0.3 Throwing
 + Level 6.5 Armour
 + Level 5.3 Dodging
 + Level 1.7 Stealth
 + Level 8.6 Shields
 + Level 0.1 Evocations


You had 9 spell levels left.
You didn't know any spells.
Your spell library was empty.

Dungeon Overview and Level Annotations

Branches:
Dungeon (9/15)             Temple (0/1) D:5            Lair (1/6) D:9
    Orc (0/2) D:9

Altars:
Ashenzari
Elyvilon
Fedhas
Kikubaaqudgha
Okawaru
Ru
Sif Muna
Wu Jian
Xom

Shops:
D:6 *   D:7 [

Annotations:
D:7 1 transporter, Whiskey's ghost, novice DsFi


Innate Abilities, Weirdness & Mutations

You are resistant to torment.
Your stone body is resilient. (AC +7)
You are immune to poison.
You resist negative energy. (rN+)
You are resistant to electric shocks. (rElec)
You can survive without breathing.
You are immune to petrification.
You are immune to rotting.


Message History

You closely miss the spriggan.
The spriggan is severely wounded.
You hit the spriggan. You burn the spriggan.
The spriggan is almost dead.
The spriggan closely misses you.
You barely miss the spriggan.
The spriggan is almost dead.
The spriggan hits you with a +0 short sword.
* * * LOW HITPOINT WARNING * * *
You closely miss the spriggan.
The spriggan is almost dead.
You miss the spriggan.
The spriggan is almost dead.
You block the spriggan's attack.
You miss the spriggan.
The spriggan is almost dead.
The wolf closely misses you.
A wolf comes into view.
The spriggan hits you with a +0 short sword.
You die...

........###...#.....
........P #...P..# #.
#......####......# #.
#........##......# P.
#...........h....# #.
#................# #.
#........###.....## #.
#....†i.###P..#...###†
#....@h..##...#.......
#........####..#..††...
##.......# #..#...####
#.......# #......## #
.......... #....)..# #
................#..<##
# .........>......#...#
# .............♣. ♣....
# ♣ ♣♣....


You could see a spriggan and 2 wolves.

Vanquished Creatures
  A centaur warrior (D:9)
  A two-headed ogre (D:8)
  Pikel (D:6)
  2 black mambas (Lair:1)
  A cane toad (Lair:1)
  A komodo dragon (Lair:1)
  A wind drake (shapeshifter) (D:9)
  A dream sheep (Lair:1)
  2 wyverns (D:9)
  Menkaure (D:6)
  A water moccasin (Lair:1)
  3 ice beasts
  An orc warrior (D:6)
  5 centaurs
  3 wolves (Lair:1)
  3 ogres
  2 lemures (D:6)
  2 big kobolds (D:9)
  A bullfrog (D:6)
  A water moccasin skeleton (D:8)
  A scorpion (D:9)
  8 wights (D:6)
  A jelly (D:7)
  3 hounds
  A centaur zombie (D:6)
  An orc priest (D:7)
  3 orc wizards
  2 bullfrog skeletons
  2 iguanas (D:5)
  5 worker ants
  A hound zombie (D:5)
  A worker ant zombie (D:7)
  9 adders
  8 gnolls
  2 shadow imps
  A white imp (D:7)
  An ufetubus (D:6)
  2 oozes
  An adder zombie (D:7)
  2 worms
  A dart slug (D:3)
  6 leopard geckos
  14 orcs
  3 bats
  2 giant cockroaches
  15 goblins
  5 hobgoblins
  2 jackals (D:7)
  6 quokkas
  6 frilled lizards
  A giant cockroach zombie (D:6)
  A jackal skeleton (D:6)
  21 kobolds
  8 rats
180 creatures vanquished.

Vanquished Creatures (others)
  4 fungi (Lair:1)
  17 plants (Lair:1)
21 creatures vanquished.

Grand Total: 201 creatures vanquished

Notes
Turn   | Place    | Note
-------+----------+-------------------------------------------
     0 | D:1      | mhtbhm the Gargoyle Berserker began the quest for the Orb.
     0 | D:1      | Reached XP level 1. HP: 14/14 MP: 1/1
   163 | D:1      | Reached XP level 2. HP: 18/19 MP: 2/2
   822 | D:2      | Reached XP level 3. HP: 16/24 MP: 3/3
   994 | D:2      | Reached XP level 4. HP: 29/29 MP: 4/4
  1013 | D:2      | Reached ** piety under Trog
  1161 | D:2      | Found a broken altar of Ashenzari.
  1367 | D:2      | Reached skill level 4 in Maces & Flails
  1996 | D:3      | Found a shimmering blue altar of Sif Muna.
  2312 | D:3      | Reached XP level 5. HP: 29/33 MP: 5/5
  2496 | D:4      | Found a sacrificial altar of Ru.
  2503 | D:4      | Found a shimmering altar of Xom.
  2503 | D:4      | Found an ancient bone altar of Kikubaaqudgha.
  2520 | D:4      | Found a white marble altar of Elyvilon.
  2524 | D:4      | Found a blossoming altar of Fedhas.
  2564 | D:4      | Noticed an ogre
  2574 | D:4      | Killed an ogre
  2774 | D:4      | Reached skill level 5 in Maces & Flails
  2774 | D:4      | Reached XP level 6. HP: 36/39 MP: 6/6
  2974 | D:5      | Entered Level 5 of the Dungeon
  2997 | D:5      | Reached skill level 1 in Shields
  3031 | D:5      | Upgraded the game from 0.26-a0-752-gcff87cac9a to
                  | 0.26-a0-757-g626ac9e51a
  3138 | D:5      | Reached XP level 7. HP: 26/44 MP: 7/7
  3338 | D:5      | Reached skill level 6 in Maces & Flails
  3436 | D:5      | Found a staircase to the Ecumenical Temple.
  3725 | D:5      | Reached *** piety under Trog
  3881 | D:6      | Noticed Menkaure
  3899 | D:6      | Killed Menkaure
  3899 | D:6      | Reached XP level 8. HP: 48/48 MP: 8/8
  3901 | D:6      | Reached skill level 7 in Maces & Flails
  3957 | D:6      | Found Wiuwi's General Store.
  4038 | D:6      | Noticed Pikel
  4095 | D:6      | Killed Pikel
  4095 | D:6      | Reached skill level 5 in Fighting
  4417 | D:6      | Reached skill level 8 in Maces & Flails
  4423 | D:6      | Reached XP level 9. HP: 54/54 MP: 9/9
  4516 | D:6      | Reached skill level 5 in Shields
  5121 | D:7      | Found a transporter.
  5121 | D:7      | Noticed Whiskey's ghost (novice DsFi)
  5122 | D:7      | Noticed a two-headed ogre
  5178 | D:7      | Found Zible's Antique Armour Emporium.
  5183 | D:7      | Found a transporter.
  5228 | D:7      | Reached **** piety under Trog
  6410 | D:8      | Found an iron altar of Okawaru.
  6524 | D:8      | Noticed a two-headed ogre
  6540 | D:8      | Killed a two-headed ogre
  6540 | D:8      | Reached skill level 5 in Armour
  7038 | D:9      | Reached skill level 9 in Maces & Flails
  7038 | D:9      | Reached XP level 10. HP: 60/60 MP: 10/10
  7044 | D:9      | Reached skill level 1 in Stealth
  7318 | D:9      | Found a staircase to the Lair.
  7476 | D:9      | Noticed a centaur warrior
  7512 | D:9      | Killed a centaur warrior
  7800 | D:9      | Found an ornate altar of the Wu Jian Council.
  7886 | D:9      | Found a staircase to the Orcish Mines.
  8247 | Lair:1   | Entered Level 1 of the Lair of Beasts
  8297 | Lair:1   | Reached skill level 5 in Dodging
  8408 | Lair:1   | Noticed a black mamba
  8431 | Lair:1   | Noticed a cane toad
  8436 | Lair:1   | Killed a black mamba
  8436 | Lair:1   | Reached skill level 10 in Maces & Flails
  8455 | Lair:1   | Killed a cane toad
  8461 | Lair:1   | Noticed a black mamba
  8485 | Lair:1   | Killed a black mamba
  8496 | Lair:1   | HP: 2/63 [spriggan/+0 short sword (4)]
  8499 | Lair:1   | Slain by a spriggan

Illustrated notes

Levels and vault maps discovered:
D:1:      shiori_shiawase, layout_loops_ring
D:2:      minmay_door_path, layout_loops_ring, ashenzari_conservatory_becter
D:3:      layout_loops_ring, led_sif_pool
D:4:      layout_rooms, minmay_overflow_temple_star_hex
D:5:      layout_cave_pools, minmay_temple_entry_hall, minmay_ogre_servants
D:6:      layout_rooms, serial_shops, nicolae_shop_trees, serial_park_tiny_2,
          uniq_pikel, uniq_menkaure
D:7:      layout_cave_pools, gammafunk_ghost_arena, serial_column_ruins,
          column_ruins_corridor_dead_end, column_ruins_columns_dead_end,
          column_ruins_grid_3, column_ruins_open_large,
          column_ruins_columns_straight, column_ruins_grid_1, serial_shops,
          nicolae_shop_overgrown_old_shop, chequers_serial_rivers_small_3
D:8:      layout_basic, okawaru_gym_becter
D:9:      minmay_bloctagon_deflated, layout_irregular_city, lemuel_doored_altar,
          lair_entry_dummy, orc_0_dummy
Lair:1:   wad_woods_stonehenge, layout_long_grid, serial_bayou_shore_b

Skill      XL: |  1  2  3  4  5  6  7  8  9 10 |
---------------+-------------------------------+-----
Fighting       | 4 5 6 7 |  7.2
Dodging        | 2 3 4 5 |  5.3
Maces & Flails | 4 5 6 8 9 10 | 10.2
Armour         | 3 4 5 6 |  6.5
Shields        | 1 3 4 7 8 |  8.6
Stealth        | 1 |  1.7
Throwing       | |  0.3
Evocations     | |  0.1

Action                   |  1- 3 |  4- 6 |  7- 9 | 10-12 || total
-------------------------+-------+-------+-------+-------++-------
Melee: Mace              |    61 |   205 |   148 |       ||   414
       Whip              |       |       |   318 |   256 ||   574
Throw: Throwing net      |       |       |     2 |       ||     2
Invok: Berserk           |       |     1 |     7 |     2 ||    10
       Trog's Hand       |       |       |     1 |       ||     1
Evoke: Wand              |       |       |     1 |       ||     1
  Use: Scroll            |     2 |     6 |     5 |       ||    13
       Potion            |       |       |     5 |       ||     5
Armor: Animal skin       |     8 |       |       |       ||     8
       Ring mail         |    20 |   104 |   139 |    65 ||   328
Dodge: Dodged            |    45 |   113 |   142 |   107 ||   407
Block: Kite shield       |       |    57 |   204 |   114 ||   375

Table legend: (Time is in decaauts)
 A = Elapsed time spent in this place.
 B = Non-inter-level travel time spent in this place.
 C = Inter-level travel time spent in this place.
 D = Time resting spent in this place.
 E = Time spent auto-exploring this place.
 F = Levels seen in this place.
 G = Mean time per level.
                   A        B        C        D        E       F      G
               +--------+--------+--------+--------+--------+-----+--------+
         Total |   8491 |   8447 |     44 |   1397 |   4871 |  10 |  849.1 |
       Dungeon |   8275 |   8231 |     44 |   1308 |   4860 |   9 |  919.4 |
          Lair |    215 |    215 |      0 |     89 |     11 |   1 |  215.0 |
               +--------+--------+--------+--------+--------+-----+--------+

Top non-repeatable levels by time:
     D:9: 1243 daAuts
     D:8: 1120 daAuts
     D:7: 1041 daAuts
     D:2: 1030 daAuts
     D:6: 957 daAuts
     D:5: 886 daAuts
     D:3: 739 daAuts
     D:1: 694 daAuts
     D:4: 561 daAuts
  Lair:1: 215 daAuts
